 Dungeon Crawl Stone Soup version 0.31-a0-1522-g43313d8a59 (webtiles) character file.

Game seed: 17400076607336332801

10381 Zonian the Summoner (level 11, -6/70 HPs)
             Began as a Felid Summoner on Dec 30, 2023.
             Was a Priest of Nemelex Xobeh.
             Mangled by an elephant (8 damage)
             ... on level 2 of the Lair of Beasts on Dec 31, 2023.
             The game lasted 01:15:43 (18437 turns).

Zonian the Summoner (Felid Summoner)               Turns: 18437, Time: 01:15:43

Health: -6/70      AC: 25    Str:  4    XL:     11   Next: 35%
Magic:  21/23      EV:  4    Int: 22    God:    Nemelex Xobeh [***...]
Gold:   611        SH:  0    Dex: 18    Spells: 10/24 levels left
                                        Lives:  0   Deaths: 4

rFire   . . .        (weapon unavailable)
rCold   + . .        (shield unavailable)
rNeg    . . .        (body armour unavailable)
rPois   +            (helmet unavailable)
rElec   .            (cloak unavailable)
rCorr   .            (gloves unavailable)
SInv    +            (boots unavailable)
Will    +....        (no amulet)
Stlth   +            e - +5 ring of evasion
HPRegen 0.31/turn    n - ring of protection from cold
MPRegen 0.18/turn

%: no passive effects
@: confused, lethally poisoned (-6 -> -15), tree-form, ambrosia-drunk, inugami
summoned
A: stationary, stasis, torment immunity, boosted hp, very small, (claws 1),
(fangs 3), see invisible, (shaggy fur 2), (stealthy paws), no weapons or thrown
items, no armour, multi-lived
a: Renounce Religion, Draw Escape, Draw Destruction, Draw Summoning, Triple Draw


You were on level 2 of the Lair of Beasts.
You worshipped Nemelex Xobeh.
Nemelex Xobeh was most pleased with you.
You were a tree.
You visited 2 branches of the dungeon, and saw 11 of its levels.
You also visited: Bailey and Ice Cave.

You collected 611 gold pieces.


Innate Abilities, Weirdness & Mutations

You are a tree.
Your roots penetrate the ground, keeping you stationary.
You cannot be teleported.
You are immune to unholy pain and torment.
Your maximum health is greatly increased.
((You have sharp claws.))
((You have razor-sharp teeth.))
You have supernaturally acute eyesight. (SInv)
((You are covered in thick fur. (AC +2)))
((Your paws help you pounce on unaware monsters.))
You are incapable of wielding weapons or throwing items.
You cannot wear armour.
You gain extra lives every three experience levels.


   Skills:
 - Level 10.5 Dodging
 - Level 2.6 Stealth
 - Level 7.4 Spellcasting
 + Level 11.1 Summonings
 + Level 6.5 Fire Magic
 + Level 6.0 Air Magic


You had 10 spell levels left.
You knew the following spells:

 Your Spells              Type           Power      Damage    Failure   Level
a - Summon Small Mammal   Summ           100%       N/A       1%          1
b - Call Imp              Summ           100%       N/A       1%          2
c - Call Canine Familiar  Summ           55%        N/A       1%          3
d - Summon Blazeheart Go  Fire/Summ      47%        N/A       1%          4
e - Summon Lightning Spi  Summ/Air       46%        N/A       2%          4

Your spell library contained the following spells:

 Spells                   Type           Power      Damage    Failure   Level
 Scorch                   Fire           74%        2d8       1%          2
 Inner Flame              Hex/Fire       22%        N/A       6%          3
 Freeze                   Ice            32%        1d5       8%          1
 Slow                     Hex            32%        N/A       8%          1
 Mephitic Cloud           Conj/Alch/Air  17%        N/A       11%         3
 Lesser Beckoning         Tloc           16%        N/A       12%         2
 Summon Cactus Giant      Summ           27%        N/A       12%         6
 Flame Wave               Conj/Fire      22%        2d8       21%         4
 Ignite Poison            Fire/Alch      22%        N/A       21%         4
 Sticky Flame             Fire/Alch      22%        2d6       21%         4
 Confusing Touch          Hex            8%         N/A       24%         3
 Dazzling Flash           Conj/Hex       16%        N/A       24%         3
 Frozen Ramparts          Ice            16%        1d3       24%         3
 Fugue of the Fallen      Necr           8%         N/A       24%         3
 Gell's Gravitas          Tloc           8%         N/A       24%         3
 Hailstorm                Conj/Ice       8%         3d5       24%         3
 Ozocubu's Armour         Ice            8%         N/A       24%         3
 Sigil of Binding         Hex            8%         N/A       24%         3
 Teleport Other           Tloc           8%         N/A       24%         3
 Vampiric Draining        Necr           8%         2d6       24%         3
 Silence                  Hex/Air        10%        N/A       54%         5
 Iskenderun's Mystic Bla  Conj/Tloc      8%         2d4       61%         4
 Manifold Assault         Tloc           8%         N/A       61%         4
 Curse of Agony           Necr           8%         N/A       91%         5
 Starburst                Conj/Fire      11%        6d5       97%         6
 Dimensional Bullseye     Hex/Tloc       Unusable   N/A       N/A         4

Inventory:

Jewellery
 e - a +5 ring of evasion (left branch)
   (You found it on level 1 of the Dungeon)
 f - the ring of Oketiwui {rC+ Slay+4 SInv Stlth-}
   (You found it on level 2 of the Lair of Beasts)

   [ring of see invisible]

   Slay+4:    It affects your accuracy & damage with ranged weapons and melee
   (+4).
   rC+:       It protects you from cold.
   SInv:      It lets you see invisible.
   Stlth-:    It makes you less stealthy.
 h - a ring of ice
   (You found it on level 3 of the Dungeon)
 n - a ring of protection from cold (right branch)
   (You found it on level 5 of the Dungeon)
Wands
 j - a wand of charming (11)
   (You took it off an orc priest on level 6 of the Dungeon)
Scrolls
 k - 2 scrolls of poison {!r}
 m - a scroll of revelation
 o - a scroll of fog
 p - a scroll of vulnerability {!r!r}
Potions
 a - 2 potions of magic
 b - a potion of brilliance
 c - a potion of lignification {!q}
 i - 3 potions of resistance
 l - 2 potions of might
 q - 3 potions of heal wounds {unknown}
 s - a potion of mutation {unknown}
 t - a potion of cancellation {unknown}

Dungeon Overview and Level Annotations

Branches:
Dungeon (9/15) Zot: 25111  Temple (0/1) D:5            Lair (2/5) D:9 Zot: 22597
 Bailey (visited)           IceCv (visited)
  Swamp: Lair:2-3    Shoals: Lair:2-3     Snake: Lair:2-3    Spider: Lair:2-3
    Orc: D:9-12

Altars:
Cheibriados
Nemelex Xobeh
Qazlal
Ru
Sif Muna
Uskayaw

Shops:
D:8 [*

Annotations:
D:2 1 runed translucent door, Crazy Yiuf, Sigmund
D:4 Menkaure
D:5 exclusion: bombardier beetle, Eustachio
D:6 3 runed translucent doors, BigPumpCobain's ghost, novice TrSh
D:8 2 runed translucent doors, Sonofthefire's ghost, novice OpSh

#..8....#....
#.#.###.#.F#
#(..y.y/#.##
#?#######.#.##
.^ ##...# #
#.#.# .#.
#y#.#....
#y#y...#
#♣Yy.# #S#y###


yy# h8. #.# #yF.. ... ....# .## .#F.# . ...#.. # ... You could see an elephant,
a queen bee, a blink frog, a water moccasin, a bullfrog, 7 killer bees, a
friendly lightning spire (summoned) and a friendly inugami (summoned, very
poisoned).


Message History

😕 HP[-3] MP[-4]
You take 3 damage, and now have 42/47 hp.
You lost 4 mp, and now have 19/23 mp.
Unknown command.
Casting: Summon Lightning Spire (dangerous; 2% risk of failure)
Confirm with . or Enter, or press ? or * to list all spells.
You call for your canine familiar and it appears with a howl!
You feel sick. The killer bee closely misses you.
The blink frog completely misses you.
The water moccasin completely misses you.
The killer bee closely misses you. The elephant closely misses you.
The elephant misses you. 😕 HP[-2] MP[-3]
You take 2 damage, and now have 40/47 hp.
You lost 3 mp, and now have 16/23 mp.
Unknown command.
Unknown command.
You miss the killer bee.
You feel sick. The killer bee completely misses you. The blink frog misses you.
The water moccasin misses you.
A killer bee comes into view.
The killer bee completely misses you. The blink frog closely misses you.
The elephant closely misses you. The elephant completely misses you.
The water moccasin bites you.
Your inugami hits the killer bee! 😮 HP[-6]
You take 6 damage, and now have 34/47 hp.
Unknown command.
You miss the killer bee.
You feel sick. The killer bee completely misses you.
The blink frog completely misses you.
A killer bee comes into view.
The water moccasin completely misses you.
The killer bee barely misses you. The elephant barely misses you.
The elephant completely misses you.
Your inugami barely misses the killer bee. 😮 HP[-1]
You take 1 damage, and now have 33/47 hp.
Unknown command.
You barely miss the killer bee.
The killer bee buzzes angrily.
Your bite misses the killer bee.
You feel sick.
You hear an angry buzzing noise. x2
The killer bee closely misses you. The blink frog completely misses you.
The water moccasin bites you.
You are more poisoned.
The water moccasin poisons you!
A killer bee comes into view.
The killer bee misses you. The elephant completely misses you.
The elephant closely misses you. The blink frog hits you!!
* * * LOW HITPOINT WARNING * * *
Your inugami closely misses the killer bee. 😱 HP[-25]
You take 25 damage, and now have 8/47 hp.
MASSIVE DAMAGE!! (PAUSE)
You feel better. The killer bee stings your inugami.
Your inugami is poisoned.
The killer bee poisons your inugami! The killer bee completely misses you.
The water moccasin bites you.
* * * LOW HITPOINT WARNING * * *
You are lethally poisoned!
The water moccasin poisons you!
A bullfrog comes into view.
The blink frog blinks!
The killer bee barely misses your inugami.
The killer bee misses you. The water moccasin misses you.
The elephant completely misses you. The elephant closely misses you.
Your inugami closely misses the killer bee. 😨 HP[+5] MP[+1]
You regained 5 hp, and now have 13/47 hp.
Unknown command.
You turn into a tree.
Your roots penetrate the ground.
* * * LOW HITPOINT WARNING * * *
You feel very sick.
The killer bee stings your inugami but does no damage.
The killer bee stings you.
* * * LOW HITPOINT WARNING * * *
The blink frog hits you!
* * * LOW HITPOINT WARNING * * *
The blink frog blinks!
The water moccasin bites you but does no damage.
The killer bee stings your inugami but does no damage.
The killer bee barely misses you.
The elephant tramples you but does no damage.
The elephant barely misses you.
Your inugami closely misses the killer bee. 😱 HP[-6]
You now have 70 max hp (+23).
Unknown command.
You are confused.
You feel invigorated.
* * * LOW HITPOINT WARNING * * *
You feel very sick.
The killer bee stings you but does no damage.
The killer bee stings your inugami but does no damage.
The killer bee stings you but does no damage.
The water moccasin barely misses you. The killer bee stings you.
* * * LOW HITPOINT WARNING * * *
The killer bee misses your inugami.
The killer bee stings you but does no damage.
The elephant tramples you!
You die...
Your body disappears without a glow.

Skill      XL: |  1  2  3  4  5  6  7  8  9 10 11 |
---------------+----------------------------------+-----
Dodging        | 3 4 5 6 7 9 10 | 10.5
Spellcasting   | 3 4 5 6 7 |  7.4
Summonings     | 5 6 8 9 10 11 | 11.1
Fire Magic     | 3 5 6 |  6.5
Air Magic      | 2 5 6 |  6.0
Stealth        | |  2.6

Action                     |  1- 3 |  4- 6 |  7- 9 | 10-12 || total
---------------------------+-------+-------+-------+-------++-------
  Melee: Unarmed           |   101 |    67 |   147 |    80 ||   395
         Bite              |     9 |     8 |    21 |     6 ||    44
         Punch             |       |       |     3 |     1 ||     4
   Cast: Summon Small Mamm |    34 |    95 |   132 |    46 ||   307
         Call Imp          |     7 |    47 |    78 |    33 ||   165
         Call Canine Famil |       |     2 |    34 |    26 ||    62
         Summon Lightning  |       |       |       |    17 ||    17
         Summon Blazeheart |       |       |       |     3 ||     3
 Invoke: Draw Destruction  |       |       |     6 |     4 ||    10
         Draw Escape       |       |       |     2 |     3 ||     5
         Draw Summoning    |       |       |       |     3 ||     3
  Evoke: Wand              |       |       |     6 |     7 ||    13
    Use: Potion            |     1 |       |     3 |    10 ||    14
         Scroll            |     1 |     7 |     7 |     5 ||    20
   Stab: Sleeping          |     1 |     1 |       |       ||     2
         Distracted        |     1 |       |     3 |     2 ||     6
 Armour: Skin              |    76 |    13 |    63 |   104 ||   256
  Dodge: Dodged            |   163 |   100 |   257 |   191 ||   711

Levels and vault maps discovered:
D:1:      minmay_arrival_widening_spiral_wide, layout_rooms
D:2:      layout_rooms, minmay_misc_feat_tiny, uniq_natasha, uniq_robin,
          uniq_sigmund, uniq_crazy_yiuf_cottage
D:3:      layout_basic, bh_walls_and_bars
D:4:      layout_basic, dancing_weapons_uskayaw, minmay_misc_feat_alley,
          uniq_menkaure
D:5:      layout_loops_ring, lemuel_tele_altar, minmay_temple_entry_overgrown,
          kennysheep_small_circle, uniq_eustachio
D:6:      layout_layer_cave, gammafunk_ghost_split, uniq_pikel
D:7:      layout_loops_ring, nicolae_overflow_hidden_temple
D:8:      layout_loops_corners, nicolae_ru_the_path_less_chosen, serial_shops,
          shop, nicolae_take_the_stairs, ebering_ghost_disaster_area,
          enter_bailey_6
D:9:      layout_roguey, lemuel_coloured_pillars_altar, lair_entry_dummy
Lair:1:   layout_regular_city, enter_volcano_1, portal_ice_cave_entry_pillars_2
Lair:2:   regret_index_tunnel_blossom, layout_misc_corridors

Notes
Turn   | Place    | Note
-------+----------+-------------------------------------------
     0 | D:1      | Zonian the Felid Summoner began the quest for the Orb.
     0 | D:1      | Reached XP level 1. HP: 9/9 MP: 4/4
     0 | D:1      | magus.rc [v1.9.6]
    57 | D:1      | You pick up a book of Displacement and begin reading...
    57 | D:1      | You add the spells Lesser Beckoning, Gell's Gravitas and
                  | Teleport Other to your library.
   134 | D:1      | Reached skill level 3 in Dodging
   140 | D:1      | Reached XP level 2. HP: 6/13 MP: 4/6
   143 | D:1      | HP: 2/13 [jackal (3)]
   150 | D:1      | HP: 1/19 [jackal (1)]
   161 | D:1      | Slain by a hobgoblin
   161 | D:1      | Lost a life (0 lives remaining)
   459 | D:1      | HP: 3/13 [bat (1)]
   465 | D:1      | Reached XP level 3. HP: 5/16 MP: 4/7
  1170 | D:1      | Learned a level 2 spell: Call Imp
  1174 | D:1      | Learned a level 3 spell: Call Canine Familiar
  1324 | D:2      | Noticed Sigmund
  1524 | D:2      | Noticed Robin
  1549 | D:2      | Killed Robin
  1550 | D:2      | Reached skill level 4 in Dodging
  1555 | D:2      | Reached XP level 4. HP: 12/21 MP: 2/9
  1555 | D:2      | Gained a life (1 life remaining)
  1829 | D:2      | Found a runed translucent door.
  1830 | D:2      | Noticed Crazy Yiuf
  1954 | D:2      | Noticed Natasha
  1966 | D:2      | Killed Natasha
  1967 | D:2      | Reached skill level 3 in Spellcasting
  1968 | D:2      | Noticed Natasha
  1981 | D:2      | Killed Natasha
  2422 | D:2      | Noticed Natasha
  2438 | D:2      | Killed Natasha
  2439 | D:2      | Reached XP level 5. HP: 24/24 MP: 5/10
  2927 | D:3      | Reached skill level 5 in Summonings
  3382 | D:3      | You pick up a book of Battle and begin reading...
  3382 | D:3      | You add the spells Fugue of the Fallen, Ozocubu's Armour
                  | and Manifold Assault to your library.
  3722 | D:3      | You pick up a book of Debilitation and begin reading...
  3722 | D:3      | You add the spells Slow, Sigil of Binding, Vampiric
                  | Draining and Confusing Touch to your library.
  3988 | D:4      | Noticed Menkaure
  4042 | D:4      | Found a hide-covered altar of Uskayaw.
  4042 | D:4      | Noticed a +0 dagger
  4042 | D:4      | Noticed a +0 hand axe
  4290 | D:4      | Reached skill level 5 in Dodging
  5056 | D:5      | Entered Level 5 of the Dungeon
  5068 | D:5      | Gained mutation: You are covered in thick fur. (AC +2)
                  | [Felid growth]
  5068 | D:5      | Reached XP level 6. HP: 28/28 MP: 9/12
  5107 | D:5      | Noticed an ice beast
  5190 | D:5      | Killed an ice beast
  5191 | D:5      | Reached skill level 4 in Spellcasting
  5462 | D:5      | Found a sparkling altar of Nemelex Xobeh.
  5581 | D:5      | Noticed a yak
  5824 | D:5      | Reached skill level 6 in Dodging
  6089 | D:5      | Reached XP level 7. HP: 32/32 MP: 3/14
  6089 | D:5      | Gained a life (2 lives remaining)
  6211 | D:5      | HP: 6/32 [scorpion (6)]
  6438 | D:5      | Became a worshipper of Nemelex Xobeh the Trickster
  6752 | D:5      | Noticed Eustachio
  6773 | D:5      | Reached skill level 6 in Summonings
  6802 | D:6      | Identified a scroll of acquirement
  6802 | D:6      | Acquired the Lessons on the Door and Combustion
  6803 | D:6      | You add the spells Inner Flame, Flame Wave, Iskenderun's
                  | Mystic Blast, Ignite Poison, Sticky Flame and Starburst to
                  | your library.
  6969 | D:6      | Found a runed translucent gate.
  6971 | D:6      | Found a runed translucent gate.
  6971 | D:6      | Noticed a yak
  6976 | D:6      | Noticed BigPumpCobain's ghost (novice TrSh)
  7067 | D:6      | Reached skill level 7 in Dodging
  7085 | D:6      | Noticed Pikel
  7142 | D:6      | Reached skill level 5 in Spellcasting
  7309 | D:6      | HP: 4/32 [ogre/+0 giant club (28)]
  7311 | D:6      | Reached XP level 8. HP: 5/36 MP: 9/16
  7526 | D:6      | Reached skill level 8 in Dodging
  7526 | D:6      | Reached skill level 7 in Summonings
  7896 | D:6      | Reached * piety under Nemelex Xobeh
  7966 | D:6      | Found a runed translucent gate.
  8732 | D:6      | Received a gift from Nemelex Xobeh
  9008 | D:5      | Found a staircase to the Ecumenical Temple.
  9340 | D:5      | Reached skill level 6 in Spellcasting
  9572 | D:5      | Reached skill level 9 in Dodging
 10263 | D:6      | Killed Pikel
 10264 | D:6      | Reached skill level 8 in Summonings
 10264 | D:6      | Reached XP level 9. HP: 14/39 MP: 12/20
 10264 | D:6      | magus.rc [v1.9.6]
 11020 | D:7      | Reached skill level 10 in Dodging
 11025 | D:7      | Learned a level 4 spell: Summon Blazeheart Golem
 11185 | D:7      | Reached skill level 7 in Spellcasting
 11806 | D:7      | Found a stormy altar of Qazlal.
 11806 | D:7      | Found a shimmering blue altar of Sif Muna.
 11819 | D:7      | You pick up a book of the Hunter and begin reading...
 12023 | D:8      | Reached ** piety under Nemelex Xobeh
 12146 | D:8      | Reached skill level 1 in Fire Magic
 12268 | D:8      | You pick up a book of Frost and begin reading...
 12268 | D:8      | You add the spells Freeze, Frozen Ramparts and Hailstorm to
                  | your library.
 12273 | D:8      | Found a flagged portal.
 12294 | Bailey   | Entered a bailey
 12516 | Bailey   | magus.rc [v1.9.6]
 12527 | Bailey   | Identified a +0 crystal plate armour
 12552 | Bailey   | Noticed an orc knight
 12629 | D:7      | You pick up a book of the Senses and begin reading...
 12629 | D:7      | You add the spells Dazzling Flash, Mephitic Cloud, Curse of
                  | Agony and Silence to your library.
 12808 | D:8      | HP: 5/39 [orc warrior/+0 long sword (14)]
 12849 | D:8      | Reached skill level 2 in Fire Magic
 12942 | D:8      | Learned a level 4 spell: Summon Lightning Spire
 12945 | D:8      | Found Woypsadele's Assorted Antiques.
 13128 | D:8      | HP: 6/39 [wyvern (14)]
 13130 | D:8      | Reached skill level 1 in Air Magic
 13297 | D:8      | Reached skill level 9 in Summonings
 13637 | D:8      | Found a large runed translucent door.
 13638 | D:8      | Found a large runed translucent door.
 13641 | D:8      | Noticed Sonofthefire's ghost (novice OpSh)
 13789 | D:8      | Found Bem Wore's Antique Armour Shop.
 13887 | D:7      | Reached skill level 3 in Fire Magic
 14110 | D:8      | Reached skill level 2 in Air Magic
 14110 | D:8      | Reached XP level 10. HP: 44/44 MP: 14/22
 14621 | D:8      | Found a sacrificial altar of Ru.
 14816 | D:8      | HP: 8/44 [yak (8)]
 14818 | D:8      | Mangled by a yak
 14818 | D:8      | Lost a life (1 life remaining)
 14943 | D:8      | Reached skill level 3 in Air Magic
 15166 | D:9      | Reached skill level 4 in Fire Magic
 15514 | D:9      | You pick up a book of Scorching and begin reading...
 15514 | D:9      | You add the spells Scorch and Summon Cactus Giant to your
                  | library.
 15945 | D:9      | Found a staircase to the Lair.
 16146 | D:9      | Found a snail-covered altar of Cheibriados.
 16968 | Lair:1   | Entered Level 1 of the Lair of Beasts
 16979 | Lair:1   | Reached skill level 4 in Air Magic
 17068 | Lair:1   | Reached skill level 10 in Summonings
 17071 | Lair:1   | Noticed a black mamba
 17086 | Lair:1   | Killed a black mamba
 17090 | Lair:1   | Reached skill level 5 in Fire Magic
 17473 | Lair:1   | Noticed a cane toad
 17491 | Lair:1   | Noticed a black mamba
 17500 | Lair:1   | Killed a black mamba
 17501 | Lair:1   | Reached skill level 5 in Air Magic
 17521 | Lair:1   | Noticed a cane toad
 17534 | Lair:1   | Killed a cane toad
 17535 | Lair:1   | Reached XP level 11. HP: 36/47 MP: 14/23
 17535 | Lair:1   | Gained a life (2 lives remaining)
 17623 | Lair:1   | Reached *** piety under Nemelex Xobeh
 17639 | Lair:1   | Found a frozen archway.
 17651 | IceCv    | Entered an ice cave
 17725 | IceCv    | Received a gift from Nemelex Xobeh
 17892 | Lair:1   | Reached skill level 6 in Fire Magic
 18346 | Lair:2   | Noticed a skyshark
 18367 | Lair:2   | Killed a skyshark
 18375 | Lair:2   | magus.rc [v1.9.6]
 18382 | Lair:2   | Reached skill level 11 in Summonings
 18383 | Lair:2   | HP: 11/47 [black mamba (4)]
 18389 | Lair:2   | HP: 11/70 [black mamba (6)]
 18390 | Lair:2   | HP: 2/70 [black mamba (4)]
 18395 | Lair:2   | Reached skill level 6 in Air Magic
 18402 | Lair:2   | HP: 17/70 [killer bee (1)]
 18403 | Lair:2   | HP: 6/70 [yak (12)]
 18404 | Lair:2   | HP: 1/70 [yak (3)]
 18404 | Lair:2   | Slain by a yak
 18404 | Lair:2   | Lost a life (1 life remaining)
 18416 | Lair:2   | HP: 1/47 [wyvern (13)]
 18418 | Lair:2   | Demolished by a wyvern
 18418 | Lair:2   | Lost a life (0 lives remaining)
 18420 | Lair:2   | Identified the ring of Oketiwui {rC+ Slay+4 SInv Stlth-}
 18434 | Lair:2   | HP: 8/47 [blink frog (19)]
 18437 | Lair:2   | HP: 2/70 [killer bee (4)]
 18437 | Lair:2   | Mangled by an elephant

Vanquished Creatures
  A skyshark (Lair:2)
  A wyvern (Lair:2)
  4 yaks
  An orc warrior (D:6)
  A sky beast (D:6)
  A wolf (Lair:2)
  A scorpion (D:5)
  2 killer bees
  A howler monkey (D:6)
  A hound (D:5)
  An orc priest (D:5)
  Natasha (D:2)
  An adder (D:5)
  4 orcs
  2 endoplasms (D:1)
  2 giant cockroaches (D:1)
  A goblin (D:2)
  7 hobgoblins
  4 jackals
  A kobold (D:6)
  2 quokkas (D:1)
  A ball python (D:4)
  6 bats
  A frilled lizard (D:1)
  A rat (D:2)
49 creatures vanquished.

Vanquished Creatures (collateral kills)
  Pikel (D:6)
  2 black mambas (Lair:1)
  3 cane toads (Lair:1)
  2 komodo dragons (Lair:1)
  3 wyverns
  9 yaks
  2 basilisks
  A water moccasin (D:8)
  5 orc warriors
  3 ice beasts
  A sky beast (D:6)
  3 ogres (D:6)
  2 centaurs (D:9)
  2 lemures (D:6)
  A phantom (D:5)
  3 kobold brigands
  9 bullfrogs
  2 scorpions (D:5)
  7 wights (D:8)
  A killer bee (D:8)
  3 howler monkeys
  A hound (D:4)
  3 bombardier beetles (D:5)
  2 gnoll boudas (D:9)
  3 orc priests
  A jelly (D:6)
  A sleepcap (D:8)
  2 iguanas
  4 orc wizards
  Natasha (twice) (D:2)
  Robin (D:2)
  10 gnolls (D:9)
  5 adders
  A naga simulacrum (IceCv)
  3 shadow imps (D:6)
  A white imp (IceCv)
  2 ufetubi (D:6)
  A dart slug (D:5)
  A ribbon worm (D:3)
  27 orcs
  6 bats
  6 endoplasms
  7 hobgoblins
  2 jackals (D:1)
  3 quokkas
  9 ball pythons
  A frilled lizard (D:1)
  13 goblins
  27 kobolds
  4 rats
214 creatures vanquished.

Vanquished Creatures (others)
  A black mamba (Lair:2)
  3 killer bees (D:8)
4 creatures vanquished.

Grand Total: 267 creatures vanquished

Table legend:
 A = Non-vault XP
 B = Vault XP
 C = Vault XP percentage of total XP
 D = Non-vault monster count
 E = Vault monster count
 F = Vault count percentage of total count
                 A         B        C        D         E       F
            +---------+---------+-------+---------+---------+-------
      Total |   13124 |    1707 |  11.5 |     238 |      26 |   9.8
            +---------+---------+-------+---------+---------+-------
        D:1 |      60 |       0 |   0.0 |      36 |       0 |   0.0
        D:2 |      88 |      72 |  45.0 |      14 |      13 |  48.1
        D:3 |      49 |       0 |   0.0 |      20 |       0 |   0.0
        D:4 |      98 |       0 |   0.0 |      17 |       0 |   0.0
        D:5 |     807 |     209 |  20.6 |      18 |       1 |   5.3
        D:6 |    1387 |     593 |  29.9 |      42 |       1 |   2.3
        D:7 |     697 |       0 |   0.0 |      12 |       0 |   0.0
        D:8 |    2316 |       0 |   0.0 |      33 |       0 |   0.0
        D:9 |    1487 |       0 |   0.0 |      24 |       0 |   0.0
     Lair:1 |    4230 |       0 |   0.0 |      16 |       0 |   0.0
     Lair:2 |    1905 |     395 |  17.2 |       6 |       3 |  33.3
     Bailey |       0 |     415 | 100.0 |       0 |       6 | 100.0
      IceCv |       0 |      23 | 100.0 |       0 |       2 | 100.0
            +---------+---------+-------+---------+---------+-------

Skill      XL: |  1  2  3  4  5  6  7  8  9 10 11 |
---------------+----------------------------------+-----
Dodging        | 3 4 5 6 7 9 10 | 10.5
Spellcasting   | 3 4 5 6 7 |  7.4
Summonings     | 5 6 8 9 10 11 | 11.1
Fire Magic     | 3 5 6 |  6.5
Air Magic      | 2 5 6 |  6.0
Stealth        | |  2.6

Action                     |  1- 3 |  4- 6 |  7- 9 | 10-12 || total
---------------------------+-------+-------+-------+-------++-------
  Melee: Unarmed           |   101 |    67 |   147 |    80 ||   395
         Bite              |     9 |     8 |    21 |     6 ||    44
         Punch             |       |       |     3 |     1 ||     4
   Cast: Summon Small Mamm |    34 |    95 |   132 |    46 ||   307
         Call Imp          |     7 |    47 |    78 |    33 ||   165
         Call Canine Famil |       |     2 |    34 |    26 ||    62
         Summon Lightning  |       |       |       |    17 ||    17
         Summon Blazeheart |       |       |       |     3 ||     3
 Invoke: Draw Destruction  |       |       |     6 |     4 ||    10
         Draw Escape       |       |       |     2 |     3 ||     5
         Draw Summoning    |       |       |       |     3 ||     3
  Evoke: Wand              |       |       |     6 |     7 ||    13
    Use: Potion            |     1 |       |     3 |    10 ||    14
         Scroll            |     1 |     7 |     7 |     5 ||    20
   Stab: Sleeping          |     1 |     1 |       |       ||     2
         Distracted        |     1 |       |     3 |     2 ||     6
 Armour: Skin              |    76 |    13 |    63 |   104 ||   256
  Dodge: Dodged            |   163 |   100 |   257 |   191 ||   711

Illustrated notes

Table legend:
 A = Kills in this place as a percentage of kills in the entire game.
 B = Kills by you in this place as a percentage of kills by you in the entire game.
 C = Kills by friends in this place as a percentage of kills by friends in the entire game.
 D = Other kills in this place as a percentage of other kills in the entire game.
 E = Experience gained in this place as a percentage of experience gained in the entire game.
 F = Experience gained in this place divided by the number of levels of this place that you have seen.
                   A       B       C       D       E      F
               +-------+-------+-------+-------+-------+----------------------
         Total | 100.0 | 100.0 | 100.0 | 100.0 | 100.0 | 1140.8
       Dungeon |  87.5 |  83.7 |  88.7 |  66.7 |  53.0 | 873.7
          Lair |   9.5 |  14.3 |   8.0 |  33.3 |  44.0 | 3265.0
        Bailey |   2.3 |   2.0 |   2.4 |   0.0 |   2.8 | 415.0
      Ice Cave |   0.8 |   0.0 |   0.9 |   0.0 |   0.2 |  23.0
               +-------+-------+-------+-------+-------+----------------------

Table legend: (Time is in decaauts)
 A = Elapsed time spent in this place.
 B = Non-inter-level travel time spent in this place.
 C = Inter-level travel time spent in this place.
 D = Time resting spent in this place.
 E = Time spent auto-exploring this place.
 F = Levels seen in this place.
 G = Mean time per level.
                   A        B        C        D        E       F      G
               +--------+--------+--------+--------+--------+-----+--------+
         Total |  18456 |  18060 |    396 |   6216 |   7818 |  13 | 1419.7 |
       Dungeon |  16713 |  16328 |    385 |   5858 |   6998 |   9 | 1857.0 |
          Lair |   1401 |   1390 |     11 |    182 |    794 |   2 |  700.5 |
        Bailey |    263 |    263 |      0 |    111 |     26 |   1 |  263.0 |
      Ice Cave |     77 |     77 |      0 |     65 |      0 |   1 |   77.0 |
               +--------+--------+--------+--------+--------+-----+--------+

Top non-repeatable levels by time:
     D:5: 2876 daAuts
     D:6: 2859 daAuts
     D:8: 2397 daAuts
     D:9: 1888 daAuts
     D:7: 1500 daAuts
     D:3: 1391 daAuts
     D:2: 1343 daAuts
     D:4: 1253 daAuts
  Lair:1: 1242 daAuts
     D:1: 1202 daAuts
  Bailey: 263 daAuts
  Lair:2: 158 daAuts
   IceCv: 77 daAuts
